 Dungeon Crawl Stone Soup version 0.31-a0-161-gb58dd9be76 (webtiles) character file.

Game seed: 14735797787465468130

758 qw the Shooter (level 7, -1/64 HPs)
             Began as a Naga Hunter on June 12, 2023.
             Slain by a gnoll
             ... wielding a +0 spear
              (5 damage)
             ... on level 5 of the Dungeon.
             The game lasted 00:01:31 (4111 turns).

qw the Shooter (Naga Hunter)                        Turns: 4111, Time: 00:01:32

Health: -1/64      AC:  4    Str: 13    XL:     7   Next: 80%
Magic:  7/7        EV: 10    Int: 10    God:
Gold:   227        SH:  0    Dex: 16    Spells: 6/6 levels left

rFire   . . .        Y - +2 shortbow
rCold   . . .        (shield currently unavailable)
rNeg    . . .        c - +0 leather armour
rPois   +            (no helmet)
rElec   .            (no cloak)
rCorr   .            h - +0 pair of gloves
SInv    +            (no barding)
Will    .....        (no amulet)
Stlth   ++           (no ring)
HPRegen 0.30/turn    (no ring)
MPRegen 0.10/turn

%: no passive effects
@: very slow
A: AC +2, large, see invisible, deformed body, poison resistance, slowness 2,
spit poison 1, naga tail 1
a: Spit Poison


You were on level 5 of the Dungeon.
You visited 1 branch of the dungeon, and saw 5 of its levels.

You collected 227 gold pieces.


Innate Abilities, Weirdness & Mutations

Your serpentine skin is tough. (AC +2)
You have supernaturally acute eyesight. (SInv)
Armour fits poorly on your strangely shaped body.
Your system is resistant to poisons. (rPois)
You cover ground very slowly.
You can spit poison.
You have a snake-like lower body.


   Skills:
 - Level 4.0 Fighting
 + Level 7.5 Ranged Weapons
 - Level 2.4 Dodging
 - Level 1.5 Stealth


You had 6 spell levels left.
You didn't know any spells.
Your spell library was empty.

Inventory:

Hand Weapons
 Y - a +2 shortbow (weapon)
Armour
 a - a +0 helmet
 c - a +0 leather armour (worn)
 h - a +0 pair of gloves (worn)
Scrolls
 k - a scroll of identify
Potions
 b - a potion of magic {unknown}
 d - a potion of lignification {unknown}
 e - a potion of curing {unknown}
 f - a potion of brilliance {unknown}
 g - 2 potions of haste
 i - a potion of berserk rage {unknown}
 j - a potion of heal wounds {unknown}

Dungeon Overview and Level Annotations

Branches:
Dungeon (5/15)
 Temple: D:4-7

Altars:
Ru

Annotations:
D:3 1 runed translucent door, Crazy Yiuf
D:4 2 transporters, qw's ghost, amateur NaHu


Message History

The splash of poison hits the gnoll.
The gnoll is poisoned.
The gnoll is almost dead.
A gnoll comes into view. It is wielding a +0 club.
The gnoll closely misses you. The jelly misses you.
You shoot an arrow. The gnoll shouts!
The arrow hits the gnoll but does no damage.
The gnoll is almost dead.
You kill the gnoll!
The jelly closely misses you.
You shoot an arrow. The arrow hits the jelly!
The jelly is heavily wounded.
The gnoll hits you from afar with a +0 spear.
The jelly closely misses you.
You shoot an arrow. The arrow hits the jelly!
You kill the jelly!
The gnoll hits you from afar with a +0 spear.
You shoot an arrow. The arrow barely misses the gnoll.
The gnoll hits you from afar with a +0 spear.
The gnoll barely misses you.
You shoot an arrow. The arrow closely misses the gnoll.
You have got your breath back.
The gnoll barely misses you.
The gnoll hits you from afar with a +4 halberd!
4109 ||| INVOKING Spit Poison.
Aiming: Spit Poison (1% risk of failure)
Press: ? - help, Shift-Dir - straight line, f/p - gnoll The splash of poison misses the gnoll.
The splash of poison hits the white imp.
The white imp is lightly wounded.
The gnoll hits you from afar with a +0 spear.
The gnoll hits you from afar with a +4 halberd!
You shoot an arrow. The arrow hits the gnoll.
The gnoll is heavily wounded.
The gnoll barely misses you.
The gnoll hits you from afar with a +4 halberd!
You shoot an arrow. The arrow barely misses the gnoll.
You have got your breath back.
The gnoll hits you from afar with a +0 spear.
You die...

##...# .. ....#
..###...####
........./.#
.....g.....#
..(g.....
#g.5.# #.)@.#
#....#
#########.#.###
..........#...
########..#.###
............#
.#######..#.##
#.#######..<..#
...........#.#


You could see 3 gnolls and a white imp.

Vanquished Creatures
  An ice beast (D:4)
  A phantom (D:4)
  2 scorpions (D:4)
  3 hounds (D:4)
  A jelly (D:5)
  An orc priest (D:3)
  Jessica (D:3)
  An iguana (D:5)
  Ijyb (D:3)
  2 orc wizards
  6 adders
  4 gnolls
  A worm (D:2)
  4 dart slugs
  6 orcs
  11 endoplasms
  2 giant cockroaches
  10 goblins
  6 hobgoblins
  7 jackals
  4 quokkas
  12 ball pythons
  3 bats
  A frilled lizard (D:1)
  7 kobolds
  5 rats
103 creatures vanquished.

Notes
Turn   | Place    | Note
-------+----------+-------------------------------------------
     0 | D:1      | qw the Naga Hunter began the quest for the Orb.
     0 | D:1      | Reached XP level 1. HP: 19/19 MP: 1/1
     0 | D:1      | 0 ||| qw: Version: 0.2-a-29-gc1b59c4
     0 | D:1      | 0 ||| qw: Game counter: 4190
     0 | D:1      | 0 ||| qw: Always use a shield: true
     0 | D:1      | 0 ||| qw: God list: Okawaru
     0 | D:1      | 0 ||| qw: Allow faded altars: false
     0 | D:1      | 0 ||| qw: Do Orc after D:15 true
     0 | D:1      | 0 ||| qw: Do second Lair branch before Depths: true
     0 | D:1      | 0 ||| qw: Lair rune preference: random
     0 | D:1      | 0 ||| qw: Plans: Normal
     0 | D:1      | 0 ||| PLANNING D:1-11
    38 | D:1      | 38 ||| INVOKING Spit Poison.
    41 | D:1      | 41 ||| INVOKING Spit Poison.
    47 | D:1      | 47 ||| INVOKING Spit Poison.
    48 | D:1      | 48 ||| INVOKING Spit Poison.
    49 | D:1      | Reached skill level 4 in Ranged Weapons
    49 | D:1      | Reached XP level 2. HP: 26/26 MP: 2/2
    95 | D:1      | 95 ||| INVOKING Spit Poison.
   192 | D:1      | 192 ||| INVOKING Spit Poison.
   231 | D:1      | 231 ||| INVOKING Spit Poison.
   257 | D:1      | 257 ||| INVOKING Spit Poison.
   261 | D:1      | 261 ||| INVOKING Spit Poison.
   262 | D:1      | 262 ||| INVOKING Spit Poison.
   301 | D:1      | Found a faded altar of an unknown god.
   308 | D:1      | 308 ||| INVOKING Spit Poison.
   314 | D:1      | 314 ||| INVOKING Spit Poison.
   318 | D:1      | 318 ||| INVOKING Spit Poison.
   322 | D:1      | 322 ||| INVOKING Spit Poison.
   328 | D:1      | 328 ||| INVOKING Spit Poison.
   332 | D:1      | Reached XP level 3. HP: 25/32 MP: 3/3
   363 | D:1      | 363 ||| INVOKING Spit Poison.
   375 | D:1      | 375 ||| INVOKING Spit Poison.
   381 | D:1      | 381 ||| INVOKING Spit Poison.
   481 | D:1      | 481 ||| FLEEEEING.
   488 | D:1      | 488 ||| INVOKING Spit Poison.
   505 | D:1      | 505 ||| INVOKING Spit Poison.
   526 | D:1      | 526 ||| INVOKING Spit Poison.
   530 | D:1      | 530 ||| INVOKING Spit Poison.
   533 | D:1      | 533 ||| INVOKING Spit Poison.
   625 | D:1      | 625 ||| INVOKING Spit Poison.
   635 | D:1      | 635 ||| INVOKING Spit Poison.
   827 | D:1      | 827 ||| READING scroll labelled VUOSTU ZAN.
   831 | D:1      | 831 ||| DROPPING scroll of butterflies.
   853 | D:2      | 853 ||| INVOKING Spit Poison.
   859 | D:2      | 859 ||| INVOKING Spit Poison.
   860 | D:2      | 860 ||| STAIRDANCE
   996 | D:2      | 996 ||| INVOKING Spit Poison.
   999 | D:2      | Reached skill level 5 in Ranged Weapons
   999 | D:2      | Reached XP level 4. HP: 37/39 MP: 4/4
  1068 | D:2      | 1068 ||| INVOKING Spit Poison.
  1083 | D:2      | Found a sacrificial altar of Ru.
  1096 | D:2      | 1096 ||| INVOKING Spit Poison.
  1102 | D:2      | 1102 ||| INVOKING Spit Poison.
  1164 | D:2      | 1164 ||| INVOKING Spit Poison.
  1167 | D:2      | 1167 ||| INVOKING Spit Poison.
  1170 | D:2      | 1170 ||| INVOKING Spit Poison.
  1261 | D:2      | 1261 ||| INVOKING Spit Poison.
  1265 | D:2      | 1265 ||| INVOKING Spit Poison.
  1331 | D:2      | 1331 ||| INVOKING Spit Poison.
  1336 | D:2      | 1336 ||| INVOKING Spit Poison.
  1341 | D:2      | 1341 ||| INVOKING Spit Poison.
  1413 | D:2      | 1413 ||| UPGRADING to +0 pair of gloves.
  1418 | D:2      | 1418 ||| READING scroll labelled YRPHAN DEYNI.
  1419 | D:2      | 1419 ||| READING scroll labelled KEEDOJUBAC.
  1420 | D:2      | 1420 ||| READING 2 scrolls labelled WUIMAS GYZEE.
  1421 | D:2      | 1421 ||| DRINKING 2 sapphire potions.
  1422 | D:2      | 1422 ||| DROPPING scroll of poison.
  1461 | D:3      | 1461 ||| INVOKING Spit Poison.
  1513 | D:3      | Noticed Ijyb
  1514 | D:3      | 1514 ||| Stepping ~*~*~tactically~*~*~ (outnumbered).
  1516 | D:3      | 1516 ||| Stepping ~*~*~tactically~*~*~ (outnumbered).
  1517 | D:3      | 1517 ||| INVOKING Spit Poison.
  1521 | D:3      | 1521 ||| INVOKING Spit Poison.
  1523 | D:3      | Reached skill level 3 in Fighting
  1523 | D:3      | Reached XP level 5. HP: 49/49 MP: 5/5
  1529 | D:3      | 1529 ||| INVOKING Spit Poison.
  1533 | D:3      | Paralysed by Ijyb for 5 turns
  1538 | D:3      | 1538 ||| INVOKING Spit Poison.
  1542 | D:3      | 1542 ||| INVOKING Spit Poison.
  1549 | D:3      | 1549 ||| INVOKING Spit Poison.
  1550 | D:3      | Killed Ijyb
  1554 | D:3      | 1554 ||| INVOKING Spit Poison.
  1556 | D:3      | HP: 11/49 [orc wizard/+0 dagger (4)]
  1557 | D:3      | 1557 ||| INVOKING Spit Poison.
  1717 | D:3      | 1717 ||| INVOKING Spit Poison.
  1779 | D:3      | 1779 ||| INVOKING Spit Poison.
  1782 | D:3      | Noticed Jessica
  1785 | D:3      | 1785 ||| INVOKING Spit Poison.
  1786 | D:3      | Killed Jessica
  1966 | D:3      | 1966 ||| INVOKING Spit Poison.
  1983 | D:3      | 1983 ||| INVOKING Spit Poison.
  2026 | D:3      | 2026 ||| INVOKING Spit Poison.
  2080 | D:3      | 2080 ||| INVOKING Spit Poison.
  2128 | D:3      | 2128 ||| INVOKING Spit Poison.
  2297 | D:3      | Found a runed translucent door.
  2298 | D:3      | Noticed Crazy Yiuf
  2403 | D:3      | 2403 ||| INVOKING Spit Poison.
  2404 | D:3      | Reached XP level 6. HP: 56/56 MP: 6/6
  2548 | D:3      | 2548 ||| DRINKING 2 smoky blue potions.
  2549 | D:3      | 2549 ||| DROPPING potion of enlightenment.
  2598 | D:4      | 2598 ||| INVOKING Spit Poison.
  2611 | D:4      | 2611 ||| INVOKING Spit Poison.
  2617 | D:4      | 2617 ||| INVOKING Spit Poison.
  2623 | D:4      | Reached skill level 6 in Ranged Weapons
  2792 | D:4      | 2792 ||| INVOKING Spit Poison.
  2793 | D:4      | Noticed an ice beast
  2799 | D:4      | HP: 8/56 [ice beast (11)]
  2800 | D:4      | 2800 ||| READING 2 scrolls of teleportation.
  2971 | D:4      | 2971 ||| INVOKING Spit Poison.
  2974 | D:4      | 2974 ||| READING scroll of enchant weapon.
  2974 | D:4      | 2974 ||| ENCHANTING +1 shortbow.
  2978 | D:4      | 2978 ||| INVOKING Spit Poison.
  2981 | D:4      | 2981 ||| INVOKING Spit Poison.
  3008 | D:4      | Found a transporter.
  3009 | D:4      | 3009 ||| INVOKING Spit Poison.
  3017 | D:4      | Found a transporter.
  3018 | D:4      | Noticed qw's ghost (amateur NaHu)
  3041 | D:4      | 3041 ||| INVOKING Spit Poison.
  3046 | D:4      | 3046 ||| INVOKING Spit Poison.
  3052 | D:4      | HP: 4/57 [ice beast (13)]
  3053 | D:4      | 3053 ||| READING scroll of teleportation.
  3273 | D:4      | 3273 ||| INVOKING Spit Poison.
  3280 | D:4      | 3280 ||| INVOKING Spit Poison.
  3285 | D:4      | 3285 ||| INVOKING Spit Poison.
  3292 | D:4      | 3292 ||| INVOKING Spit Poison.
  3297 | D:4      | 3297 ||| INVOKING Spit Poison.
  3442 | D:4      | 3442 ||| INVOKING Spit Poison.
  3452 | D:4      | 3452 ||| INVOKING Spit Poison.
  3455 | D:4      | 3455 ||| INVOKING Spit Poison.
  3461 | D:4      | 3461 ||| INVOKING Spit Poison.
  3475 | D:4      | Reached XP level 7. HP: 17/64 MP: 7/7
  3687 | D:4      | Reached skill level 7 in Ranged Weapons
  3820 | D:4      | 3820 ||| READING scroll labelled QIUZUO OJEMN.
  3831 | D:5      | Entered Level 5 of the Dungeon
  3833 | D:5      | 3833 ||| INVOKING Spit Poison.
  3837 | D:5      | 3837 ||| STAIRDANCE
  3840 | D:4      | 3840 ||| INVOKING Spit Poison.
  3844 | D:4      | 3844 ||| INVOKING Spit Poison.
  3912 | D:5      | 3912 ||| INVOKING Spit Poison.
  3913 | D:5      | 3913 ||| STAIRDANCE
  3916 | D:4      | 3916 ||| INVOKING Spit Poison.
  3964 | D:5      | 3964 ||| INVOKING Spit Poison.
  3968 | D:5      | 3968 ||| STAIRDANCE
  3971 | D:4      | 3971 ||| INVOKING Spit Poison.
  4028 | D:5      | 4028 ||| INVOKING Spit Poison.
  4099 | D:5      | 4099 ||| INVOKING Spit Poison.
  4103 | D:5      | 4103 ||| INVOKING Spit Poison.
  4109 | D:5      | 4109 ||| INVOKING Spit Poison.
  4109 | D:5      | HP: 10/64 [gnoll/+4 halberd (14)]
  4110 | D:5      | HP: 3/64 [gnoll/+4 halberd (7)]
  4111 | D:5      | Slain by a gnoll

Levels and vault maps discovered:
D:1:      dpeg_arrival_boxorama, layout_loops_cross,
          ebering_ecumenical_altar_webs, kennysheep_doodads
D:2:      layout_basic, basic_altar, nrook_mini_backslash
D:3:      layout_loops_corners, uniq_jessica, uniq_ijyb, uniq_crazy_yiuf_cottage
D:4:      layout_basic, gammafunk_ghost_smash, nicolae_zen_rock_garden
D:5:      kb_forest_paths, layout_loops_ring, item_on_display_a

Skill      XL: |  1  2  3  4  5  6  7 |
---------------+----------------------+-----
Ranged Weapons | 4 5 6 7 |  7.5
Fighting       | 3 4 |  4.0
Dodging        | 2 |  2.4
Stealth        | |  1.5

Action                     |  1- 3 |  4- 6 |  7- 9 || total
---------------------------+-------+-------+-------++-------
   Fire: Shortbow          |    70 |   157 |    48 ||   275
Ability: Spit Poison       |    26 |    48 |    11 ||    85
    Use: Scroll            |     1 |     6 |     1 ||     8
         Potion            |       |     2 |       ||     2
 Armour: Leather armour    |     7 |    27 |     6 ||    40
  Dodge: Dodged            |    17 |    49 |    39 ||   105

Table legend:
 A = Non-vault XP
 B = Vault XP
 C = Vault XP percentage of total XP
 D = Non-vault monster count
 E = Vault monster count
 F = Vault count percentage of total count
                 A         B        C        D         E       F
            +---------+---------+-------+---------+---------+-------
      Total |    1010 |      73 |   6.7 |     101 |       2 |   1.9
            +---------+---------+-------+---------+---------+-------
        D:1 |      70 |       0 |   0.0 |      33 |       0 |   0.0
        D:2 |      64 |       0 |   0.0 |      21 |       0 |   0.0
        D:3 |     113 |      73 |  39.2 |      16 |       2 |  11.1
        D:4 |     667 |       0 |   0.0 |      28 |       0 |   0.0
        D:5 |      96 |       0 |   0.0 |       3 |       0 |   0.0
            +---------+---------+-------+---------+---------+-------
